 Dungeon Crawl Stone Soup version 0.27-a0-1202-ge72e49191c (webtiles) character file.

Game seed: 8016330682612561738

1433 Majang the Magician (level 9, -8/96 HPs)
             Began as a Djinni Ice Elementalist on June 4, 2021.
             Killed by divine providence
             ... invoked by an orc priest
              (11 damage)
             ... on level 5 of the Dungeon.
             The game lasted 00:25:22 (7836 turns).

Majang the Magician (Djinni Ice Elementalist)       Turns: 7836, Time: 00:25:22

Health: -8/96      AC: 24    Str:  7      XL:     9   Next: 3%
Gold:   108        EV:  2    Int: 18 (20) God:
                   SH:  0    Dex: 14

rFire    . . .     SeeInvis .   m - +0 flail
rCold    . . .     Faith    .   (no shield)
rNeg     + + +     Spirit   .   (armour currently unavailable)
rPois    ∞         Reflect  .   (helmet currently unavailable)
rElec    .         Harm     .   (cloak currently unavailable)
rCorr    .         Rampage  .   (gloves currently unavailable)
Will     .....     NoTele   +   (boots unavailable)
Stlth    ++........             (no amulet)
HPRegen  0.26/turn              (no ring)
MPRegen  0.00/turn              (no ring)

@: tree-form
A: stationary, stasis, torment immunity, boosted hp, sickness immunity, (fire
resistance 2), (cold vulnerability 1), float, innate caster, hp casting, extra
vitality 1
a: no special abilities


You were on level 5 of the Dungeon.
You were a tree.
You visited 2 branches of the dungeon, and saw 7 of its levels.

You collected 310 gold pieces.
You spent 202 gold pieces at shops.

Inventory:

Hand Weapons
 d - a +0 whip
 m - a +0 flail (weapon)
Missiles
 c - 8 javelins
 e - a curare-tipped dart
 n - 2 boomerangs
Armour
 a - a +0 robe (melded)
 f - a +0 pair of gloves (melded)
 i - a +2 helmet (melded)
 s - a +1 cloak (melded)
Wands
 g - a wand of iceblast (4)
Scrolls
 h - 3 scrolls of identify
 j - 2 scrolls of fog
 t - a scroll of teleportation
Potions
 b - 3 potions of degeneration
 k - a potion of invisibility {unknown}
 l - a potion of berserk rage {unknown}
 o - a potion of haste {unknown}
 q - 2 potions of flight
 r - a potion of attraction {unknown}
 u - a potion of resistance {unknown}


   Skills:
 + Level 4.9 Fighting
 + Level 6.0 Dodging
 - Level 1.5 Stealth
 + Level 6.7 Spellcasting


You couldn't memorise any spells.
You knew the following spells:

 Your Spells              Type           Power      Damage    Failure   Level
a - Ozocubu's Armour      Ice            30%        N/A       1%          3
b - Summon Ice Beast      Ice/Summ       30%        N/A       7%          4
c - Mephitic Cloud        Conj/Pois/Air  30%        N/A       1%          3
d - Static Discharge      Conj/Air       30%        N/A       1%          2
e - Metabolic Englaciati  Hex/Ice        15%        N/A       19%         5
f - Freeze                Ice            100%       1d11      1%          1
h - Hailstorm             Conj/Ice       30%        3d8       7%          4
r - Frozen Ramparts       Ice            60%        1d8       1%          3
Z - Animate Skeleton      Necr           60%        N/A       1%          1
Your spell library was empty.

Dungeon Overview and Level Annotations

Branches:
Dungeon (6/15)             Temple (1/1) D:6

Altars:
Ashenzari
Cheibriados
Dithmenos
Elyvilon
Fedhas
Hepliaklqana
Kikubaaqudgha
Nemelex Xobeh
Okawaru
Qazlal
Sif Muna
Uskayaw
Vehumet
Wu Jian
Xom
Yredelemnul
The Shining One

Shops:
D:1 :*[[

Annotations:
D:5 Menkaure


Innate Abilities, Weirdness & Mutations

You are a tree.
Your roots penetrate the ground, keeping you stationary.
You cannot be teleported.
You are immune to unholy pain and torment.
Your maximum health is greatly increased.
Your equipment is partially melded.
You are immune to sickness and miasma.
You are immune to poison.
((Your flesh is very heat resistant. (rF++)))
((You are vulnerable to cold. (rC-)))
You float through the air rather than walking.
You learn spells naturally, not from books.
Your magical power is your life essence.
You have superior vitality. (+4 HP)


Message History

The lightning grounds out.
The wight is struck by an arc of lightning!
The wight is almost destroyed.
You are struck by an arc of lightning.
* * * LOW HITPOINT WARNING * * *
The lightning grounds out.
* * * LOW HITPOINT WARNING * * *
The wight hits you but does no damage. The orc priest hits you with a +0 club.
* * * LOW HITPOINT WARNING * * *
Your Dodging skill increases to level 6!
You have reached level 9!
Your experience leads to an increase in your attributes!
Your base attributes are Str 7, Int 19, Dex 14.
Increase (S)trength, (I)ntelligence, or (D)exterity?
You feel clever.
The power to cast Summon Ice Beast wells up from within.
Spell assigned to 'b'.
Okay, then.
Casting: Static Discharge (safe; 1% risk of failure)
Confirm with . or Enter, or press ? or * to list all spells.
The iguana is struck by an arc of lightning.
The iguana is moderately wounded.
You are struck by an arc of lightning.
* * * LOW HITPOINT WARNING * * *
The iguana is struck by an arc of lightning.
The iguana is heavily wounded.
The lightning grounds out.
The wight is struck by an arc of lightning.
You destroy the wight!
You are struck by an arc of lightning.
* * * LOW HITPOINT WARNING * * *
The orc priest is struck by an arc of lightning.
The orc priest is heavily wounded.
The lightning grounds out.
* * * LOW HITPOINT WARNING * * *
The orc hits you but does no damage. The iguana bites you.
* * * LOW HITPOINT WARNING * * *
The orc priest invokes the aid of Beogh against you.
Beogh smites you!
You die...

# ## ##.
.# #... .#
...###.# #
.....#
....##lo)#
.....M)♣.#
###...
......o))#
..#...
.........#
......
.....#...#
.....M
..##...###
...... .
....
...... .
##. ......
.. .. ..#


You could see Menkaure (fast), an iguana, an orc priest and an orc.

Vanquished Creatures
  2 water moccasins (D:5)
  A sky beast (D:6)
  A black bear (D:6)
  An ogre (D:5)
  2 kobold brigands (D:6)
  2 bullfrogs (D:6)
  3 wights (D:5)
  A hound (D:6)
  A bullfrog skeleton (D:5)
  6 jellies
  A centaur skeleton (D:5)
  2 iguanas
  Jessica (D:2)
  3 orc wizards
  Robin (D:3)
  4 adders
  A white imp (D:6)
  An adder zombie (D:5)
  A worm (D:2)
  3 dart slugs (D:1)
  7 orcs
  5 ball pythons
  5 bats
  10 endoplasms
  5 giant cockroaches
  12 goblins
  6 hobgoblins
  4 jackals
  15 kobolds
  3 quokkas
  A frilled lizard (D:1)
  8 rats
119 creatures vanquished.

Notes
Turn   | Place    | Note
-------+----------+-------------------------------------------
     0 | D:1      | Majang the Djinni Ice Elementalist began the quest for the
                  | Orb.
     0 | D:1      | Reached XP level 1. HP: 15/15 MP: 0/0
   195 | D:1      | Reached XP level 2. HP: 9/21 MP: 0/0
   868 | D:1      | Reached XP level 3. HP: 24/25 MP: 0/0
   868 | D:1      | Learned a level 1 spell: Animate Skeleton
  1084 | D:1      | Found Teeligga's Antique Armour Shop.
  1096 | D:1      | Found Ecioresh's Antique Armour Shop.
  1528 | D:1      | Found Ofral's Book Shop.
  1543 | D:1      | Found Kywo's General Store.
  2124 | D:2      | Reached XP level 4. HP: 28/31 MP: 0/0
  2214 | D:2      | Noticed Jessica
  2228 | D:2      | Killed Jessica
  3097 | D:2      | Reached XP level 5. HP: 21/35 MP: 0/0
  3097 | D:2      | Learned a level 2 spell: Static Discharge
  3856 | D:3      | Found a hide-covered altar of Uskayaw.
  3857 | D:3      | Found a shimmering altar of Xom.
  3997 | D:3      | Reached skill level 5 in Spellcasting
  4473 | D:3      | Noticed Robin
  4478 | D:3      | Killed Robin
  4699 | D:4      | Reached XP level 6. HP: 28/40 MP: 0/0
  4975 | D:1      | Bought a glowing helmet for 202 gold pieces
  5883 | D:5      | Entered Level 5 of the Dungeon
  5964 | D:5      | Noticed a water moccasin
  5977 | D:5      | Reached skill level 1 in Fighting
  5977 | D:5      | Killed a water moccasin
  5978 | D:5      | Reached XP level 7. HP: 45/48 MP: 0/0
  5978 | D:5      | Learned a level 3 spell: Mephitic Cloud
  6319 | D:5      | Found a white marble altar of Elyvilon.
  6509 | D:5      | Noticed Menkaure
  6557 | D:5      | Noticed a water moccasin
  6565 | D:5      | Killed a water moccasin
  6896 | D:6      | Reached XP level 8. HP: 50/56 MP: 0/0
  7128 | D:6      | Found a staircase to the Ecumenical Temple.
  7135 | Temple   | Entered the Ecumenical Temple
  7231 | D:6      | Reached skill level 5 in Dodging
  7836 | D:5      | Reached XP level 9. HP: 15/64 MP: 0/0
  7836 | D:5      | Learned a level 4 spell: Summon Ice Beast
  7836 | D:5      | HP: 3/96 [iguana (6)]
  7836 | D:5      | Killed from afar by an orc priest

Illustrated notes

Levels and vault maps discovered:
D:1:      saegor_arrival_simple_c, layout_loops_corners, serial_shops,
          nicolae_shop_waterfront, shop_coins, shop_statue, nicolae_shop_stone,
          minmay_misc_feat_x
D:2:      layout_basic, uniq_jessica
D:3:      layout_basic, gammafunk_temple_overflow_pools, uniq_robin
D:4:      layout_basic, moated_statue
D:5:      layout_basic, old_standard_altar,
          hangedman_abyss_or_decor_lesser_grid, uniq_menkaure
D:6:      layout_basic, nicolae_overflow_hidden_temple,
          minmay_temple_entry_slanted
Temple:   nicolae_temple_great_sept

Skill      XL: |  1  2  3  4  5  6  7  8 |
---------------+-------------------------+-----
Spellcasting   | 4 5 6 |  6.7
Fighting       | 1 3 4 |  4.9
Dodging        | 3 4 6 |  6.0
Stealth        | |  1.5

Action                   |  1- 3 |  4- 6 |  7- 9 || total
-------------------------+-------+-------+-------++-------
Melee: Club              |     1 |       |       ||     1
       Unarmed           |     1 |       |       ||     1
       Whip              |     8 |     9 |       ||    17
       Flail             |       |    11 |    22 ||    33
 Cast: Freeze            |    45 |    33 |    16 ||    94
       Frozen Ramparts   |     5 |    17 |    12 ||    34
       Ozocubu's Armour  |       |     4 |     9 ||    13
       Hailstorm         |       |     3 |       ||     3
       Static Discharge  |       |     1 |    21 ||    22
       Mephitic Cloud    |       |       |     2 ||     2
  Use: Scroll            |       |     7 |     1 ||     8
       Potion            |       |       |     5 ||     5
 Stab: Sleeping          |     3 |     3 |       ||     6
Armor: Robe              |     7 |     9 |    14 ||    30
       Skin              |       |       |    34 ||    34
Dodge: Dodged            |    23 |    27 |    33 ||    83

Table legend: (Time is in decaauts)
 A = Elapsed time spent in this place.
 B = Non-inter-level travel time spent in this place.
 C = Inter-level travel time spent in this place.
 D = Time resting spent in this place.
 E = Time spent auto-exploring this place.
 F = Levels seen in this place.
 G = Mean time per level.
                   A        B        C        D        E       F      G
               +--------+--------+--------+--------+--------+-----+--------+
         Total |   7855 |   7527 |    328 |   2920 |   3712 |   7 | 1122.1 |
       Dungeon |   7786 |   7458 |    328 |   2920 |   3712 |   6 | 1297.7 |
        Temple |     69 |     69 |      0 |      0 |      0 |   1 |   69.0 |
               +--------+--------+--------+--------+--------+-----+--------+

Top non-repeatable levels by time:
     D:1: 2066 daAuts
     D:2: 1447 daAuts
     D:3: 1335 daAuts
     D:4: 1060 daAuts
     D:5: 1001 daAuts
     D:6: 875 daAuts
  Temple: 69 daAuts
